 Dungeon Crawl Stone Soup version 0.26-a0-670-g578ab304f5 (webtiles) character file.

Game seed: 16614675060295137660

50 DogServant the Insei (level 3, 6/26 HPs)
             Began as a Merfolk Transmuter on Oct 19, 2020.
             Quit the game on level 2 of the Dungeon.
             The game lasted 00:02:30 (1581 turns).

DogServant the Insei (Merfolk Transmuter)           Turns: 1581, Time: 00:02:31

Health: 6/26       AC:  3    Str: 11    XL:     3   Next: 79%
Magic:  3/6        EV: 12    Int: 12    God:
Gold:   67         SH:  0    Dex: 14    Spells: 3/6 levels left

rFire    . . .     SeeInvis .     - Unarmed
rCold    . . .     Faith    .   (no shield)
rNeg     . . .     Spirit   .   h - +0 leather armour
rPois    .         Reflect  .   (helmet currently unavailable)
rElec    .         Harm     .   (no cloak)
rCorr    .         Rampage  .   (no gloves)
MR       .....                  (boots currently unavailable)
Stlth    +.........             (no amulet)
HPRegen  0.08/turn              (no ring)
MPRegen  0.10/turn              (no ring)

@: lethally poisoned (6 -> 0), appendages (expiring), wereblooded
A: change form in water, swift swim, stealthy swim, horns 2
a: End Transformation


You were on level 2 of the Dungeon.
You had grown temporary horns.
You visited 1 branch of the dungeon, and saw 2 of its levels.

You collected 67 gold pieces.

Inventory:

Missiles
 e - 10 poisoned darts (quivered)
Armour
 a - a +0 robe
 h - a +0 leather armour (worn)
Scrolls
 b - a scroll of enchant weapon
 d - 3 scrolls of identify


   Skills:
 - Level 1.1 Fighting
 - Level 2.6 Dodging
 + Level 4.2 Unarmed Combat
 - Level 2.0 Spellcasting
 + Level 4.2 Transmutations


You had 3 spell levels left.
You knew the following spells:

 Your Spells              Type           Power        Failure   Level
a - Beastly Appendage     Tmut           ##....       6%          1
b - Wereblood             Tmut           ##......     10%         2

Your spell library contained the following spells:

 Spells                   Type           Power        Failure   Level
 Spider Form              Tmut/Pois      #.........   41%         3
 Ice Form                 Ice/Tmut       #.......     83%         4
 Blade Hands              Tmut           ##........   87%         5


Dungeon Overview and Level Annotations

Branches:
Dungeon (2/15)

Altars:


Innate Abilities, Weirdness & Mutations

You revert to your normal form in water.
You are very nimble and swift while swimming.
You are very stealthy in the water. (Stealth+)
You have a pair of horns on your head.


Message History

You hit the killer bee but do no damage.
Your transformation is almost over.
The killer bee barely misses you. The killer bee completely misses you.
The killer bee closely misses you.
A hobgoblin comes into view.
The killer bee stings you.
Your leather armour prevents you from hitting the killer bee.
You headbutt the killer bee! Your punch misses the killer bee.
The killer bee is heavily wounded.
The killer bee stings you.
You are poisoned.
The killer bee poisons you! The killer bee closely misses you.
The killer bee barely misses you. The killer bee misses you.
You hit the killer bee.
The killer bee is severely wounded.
You feel sick. The killer bee misses you. The killer bee barely misses you.
The killer bee stings you!
* * * LOW HITPOINT WARNING * * *
You aren't carrying any potions.
Are you sure you want to abandon this character and quit the game? (Confirm with "yes".)

. #############g...
#....
.........@yyyK...
#...# ##...#.#y#######
#...# #.......# #...#
#.......#
#...######.......##
#.88....<.....8...#
##P....#####.)....###
..........##..........
#...8..##.##.#########


You could see 4 killer bees, a hobgoblin and a kobold.

Vanquished Creatures
  2 adders (D:2)
  2 dart slugs
  5 bats
  A bat skeleton (D:2)
  A bat zombie (D:2)
  A giant cockroach (D:1)
  2 goblins
  4 hobgoblins (D:1)
  5 jackals
  A ball python skeleton (D:2)
  A kobold (D:2)
  2 rats (D:2)
27 creatures vanquished.

Notes
Turn   | Place    | Note
-------+----------+-------------------------------------------
     0 | D:1      | DogServant the Merfolk Transmuter began the quest for the
                  | Orb.
     0 | D:1      | Reached XP level 1. HP: 15/15 MP: 3/3
   228 | D:1      | Reached XP level 2. HP: 3/21 MP: 3/5
   559 | D:1      | Learned a level 2 spell: Wereblood
   910 | D:2      | Reached XP level 3. HP: 16/26 MP: 6/6
  1565 | D:2      | Noticed a killer bee
  1567 | D:2      | Noticed a killer bee
  1568 | D:2      | Noticed a killer bee
  1575 | D:2      | Noticed a killer bee
  1581 | D:2      | Quit the game

Illustrated notes

Levels and vault maps discovered:
D:1:      dpeg_arrival_tiny_g, layout_basic
D:2:      layout_loops_cross, minitemple, serial_undead, serial_undead_d,
          serial_undead_c, serial_undead_d, serial_undead_e

Skill      XL: |  1  2  3 |
---------------+----------+-----
Transmutations | 3 4 |  4.2
Unarmed Combat | 4 |  4.2
Fighting       | |  1.1
Dodging        | |  2.6
Spellcasting   | |  2.0

Action                   || total
-------------------------++-------
Melee: Unarmed           ||    99
       Headbutt          ||    10
 Cast: Beastly Appendage ||     9
       Wereblood         ||     1
  Use: Potion            ||     1
       Scroll            ||     2
Armor: Robe              ||    22
       Leather armour    ||     7
Dodge: Dodged            ||    98

Table legend: (Time is in decaauts)
 A = Elapsed time spent in this place.
 B = Non-inter-level travel time spent in this place.
 C = Inter-level travel time spent in this place.
 D = Time resting spent in this place.
 E = Time spent auto-exploring this place.
 F = Levels seen in this place.
 G = Mean time per level.
                   A        B        C        D        E       F      G
               +--------+--------+--------+--------+--------+-----+--------+
         Total |   1587 |   1575 |     12 |    515 |    852 |   2 |  793.5 |
       Dungeon |   1587 |   1575 |     12 |    515 |    852 |   2 |  793.5 |
               +--------+--------+--------+--------+--------+-----+--------+

Top non-repeatable levels by time:
     D:1: 807 daAuts
     D:2: 779 daAuts
